 Dungeon Crawl Stone Soup version 0.30-a0-586-g23e55c9e0a (webtiles) character file.

Game seed: 4169342440154840586

1626 Dartaoz the Covert (level 8, -7/42 HPs)
             Began as a Spriggan Hunter on Jan 3, 2023.
             Mangled by a hornet (14 damage)
             ... while paralysed by a hornet
             ... on level 6 of the Dungeon.
             The game lasted 00:29:09 (5773 turns).

Dartaoz the Covert (Spriggan Hunter)                Turns: 5773, Time: 00:29:09

Health: -7/42      AC:  3    Str:  7    XL:     8   Next: 65%
Magic:  9/9        EV:  4    Int: 11    God:
Gold:   283        SH:  0    Dex: 20    Spells: 7/7 levels left

rFire   . . .      SeeInvis +    a - +2 shortbow
rCold   . . .      Faith    +    (shield currently unavailable)
rNeg    . . .      Spirit   .    c - +0 robe
rPois   +          Reflect  .    (helmet restricted)
rElec   .          Harm     .    l - +0 cloak
rCorr   .          Rampage  .    (gloves unavailable)
Will    +....                    (boots unavailable)
Stlth   ++++                     g - amulet of faith
HPRegen 0.27/turn                t - ring of poison resistance
MPRegen 0.11/turn                (no ring)

@: paralysed, lethally poisoned (-7 -> -12), slowed, very quick
A: very small, no large weapons, unfitting armour, see invisible, speed 3
a: no special abilities


You were on level 6 of the Dungeon.
You visited 2 branches of the dungeon, and saw 7 of its levels.

You collected 283 gold pieces.

Inventory:

Hand Weapons
 a - a +2 shortbow (weapon)
Armour
 c - a +0 robe (worn)
 l - a +0 cloak (worn)
Jewellery
 g - an amulet of faith (around neck)
 t - a ring of poison resistance (left hand)
Wands
 s - a wand of roots (1)
 x - a wand of charming (8)
Scrolls
 b - a scroll of immolation
 f - a scroll of silence
 k - 2 scrolls of fear
 m - a scroll of poison {unknown}
 q - a scroll of amnesia {unknown}
 v - a scroll of magic mapping {unknown}
 w - a scroll of torment {unknown}
Potions
 d - 2 potions of brilliance
 h - a potion of might
 i - 2 potions of resistance
 j - 2 potions of mutation
 n - a potion of ambrosia
 o - 4 potions of curing
 p - 3 potions of attraction
 r - a potion of berserk rage
 u - a potion of lignification


   Skills:
 + Level 4.7 Fighting
 * Level 6.9 Ranged Weapons
 + Level 7.6 Dodging
 + Level 8.6 Stealth


You had 7 spell levels left.
You didn't know any spells.
Your spell library contained the following spells:

 Spells                   Type           Power      Damage    Failure   Level
 Apportation              Tloc           0%         N/A       34%         1
 Necrotise                Necr           0%         1d4       34%         1
 Summon Small Mammal      Summ           0%         N/A       34%         1
 Blink                    Tloc           0%         N/A       47%         2
 Cigotuvi's Dreadful Rot  Necr/Pois/Air  0%         N/A       47%         2
 Poisonous Vapours        Pois/Air       0%         N/A       47%         2
 Inner Flame              Hex/Fire       0%         N/A       71%         3
 Mephitic Cloud           Conj/Pois/Air  0%         N/A       71%         3
 Portal Projectile        Hex/Tloc       0%         N/A       71%         3
 Cause Fear               Hex            0%         N/A       98%         4
 Starburst                Conj/Fire      0%         6d3       100%        6
 Discord                  Hex            0%         N/A       100%        8


Dungeon Overview and Level Annotations

Branches:
Dungeon (6/15)             Temple (1/1) D:4

Altars:
Ashenzari
Cheibriados
Dithmenos
Fedhas
Gozag
Makhleb
Nemelex Xobeh
Okawaru
Ru
Sif Muna
Trog
Uskayaw
Wu Jian
Yredelemnul
Zin
The Shining One


Innate Abilities, Weirdness & Mutations

You are very small and have problems with some larger weapons.
You are too small for most types of armour.
You have supernaturally acute eyesight. (SInv)
You cover ground extremely quickly. (Speed+++)


Message History

The arrow hits the hornet but does no damage.
The hornet is moderately wounded.
You shoot an arrow.
The arrow hits the hornet but does no damage.
The hornet is moderately wounded.
The hornet closely misses you.
There is a glowing golden altar of the Shining One here.
You shoot an arrow. The arrow closely misses the hornet.
You shoot an arrow. The arrow misses the hornet.
You shoot an arrow. The arrow hits the hornet.
The hornet is moderately wounded.
The hornet closely misses you.
You shoot an arrow. The arrow hits the hornet.
The hornet is lightly wounded.
You shoot an arrow. The arrow barely misses the hornet.
You shoot an arrow.
The arrow hits the hornet but does no damage.
The hornet is lightly wounded.
The hornet stings you. The hornet misses you.
You shoot an arrow. The arrow hits the hornet.
The hornet is lightly wounded.
The hornet barely misses you.
You shoot an arrow. The arrow closely misses the hornet.
The hornet stings you! The hornet closely misses you.
You shoot an arrow. The arrow closely misses the hornet.
The hornet stings you. The hornet barely misses you.
You shoot an arrow.
The arrow hits the hornet but does no damage.
The hornet is lightly wounded.
The hornet stings you.
You are poisoned.
You suddenly lose the ability to move!
The hornet stings you.
You feel yourself slow down.
You feel very sick. The hornet stings you.
* * * LOW HITPOINT WARNING * * *
You feel as though you will be slow longer.
* * * LOW HITPOINT WARNING * * *
You feel sick. The hornet stings you!
You die...

......................#
.........##########........
#########........ ......#..
#.########......#
#........#.....## ###
#..#####.#.....# ..# #..#
#.#.....# #.# ####..# #y#.....#
#.####..y..# #@###+############
#)#........# #.#...............
#.#.##.####### #.#.#.############
#.#.##.#.....# #.#.#.############
#.#.##.#.....# #.#.#.#..........#
#.#.##.#.....# #.#.#.#..........#
#.#.##.#.....# #.#.#.#..........#
#.#.##.#.....###.#'#'#..........#
..#..#.#.....##.................#


You could see a hornet.

Vanquished Creatures
  Edmund (D:4)
  A sky beast (D:3)
  A black bear (D:6)
  4 ogres
  2 phantoms
  A bullfrog (D:6)
  3 scorpions
  4 orc priests
  4 hounds
  Crazy Yiuf (D:2)
  A jelly (D:4)
  Terence (D:2)
  3 iguanas
  11 gnolls
  2 adders
  3 white imps
  The ghost of Ananasrisotto the Trooper, a weakling OgDe (D:3)
  3 worms
  2 dart slugs
  2 orcs
  5 ball pythons
  4 endoplasms
  5 giant cockroaches
  10 hobgoblins
  3 quokkas
  10 bats
  A frilled lizard (D:2)
  5 goblins
  4 kobolds
  3 rats
  A spectral orc (D:5)
102 creatures vanquished.

Vanquished Creatures (others)
  A fungus (D:2)
  2 plants (D:6)
3 creatures vanquished.

Grand Total: 105 creatures vanquished

Notes
Turn   | Place    | Note
-------+----------+-------------------------------------------
     0 | D:1      | Dartaoz the Spriggan Hunter began the quest for the Orb.
     0 | D:1      | Reached XP level 1. HP: 10/10 MP: 2/2
   148 | D:1      | Reached skill level 2 in Stealth
   178 | D:1      | Reached XP level 2. HP: 15/15 MP: 3/3
   763 | D:2      | Reached XP level 3. HP: 18/18 MP: 4/4
   941 | D:2      | Noticed Terence
   980 | D:2      | Killed Terence
   981 | D:2      | Reached skill level 3 in Stealth
  1022 | D:2      | Reached XP level 4. HP: 23/23 MP: 5/5
  1076 | D:2      | Found a runed translucent door.
  1077 | D:2      | Noticed Crazy Yiuf
  1616 | D:2      | Killed Crazy Yiuf
  1617 | D:2      | Reached skill level 4 in Stealth
  1617 | D:2      | Reached XP level 5. HP: 27/27 MP: 6/6
  1744 | D:3      | Found a sparkling altar of Nemelex Xobeh.
  1881 | D:3      | Noticed a sky beast
  1905 | D:3      | Killed a sky beast
  2032 | D:3      | Found a transporter.
  2035 | D:3      | Found a transporter.
  2037 | D:3      | Noticed Ananasrisotto's ghost (weakling OgDe)
  2037 | D:3      | Noticed an ogre
  2038 | D:3      | Noticed an ogre
  2038 | D:3      | Noticed an ogre
  2268 | D:3      | Killed an ogre
  2269 | D:3      | Reached skill level 5 in Ranged Weapons
  2269 | D:3      | Reached skill level 5 in Stealth
  2269 | D:3      | Reached XP level 6. HP: 13/32 MP: 7/7
  2397 | D:3      | Reached skill level 5 in Dodging
  2432 | D:3      | Killed Ananasrisotto's ghost
  2524 | D:4      | Reached skill level 6 in Stealth
  2524 | D:4      | Reached XP level 7. HP: 30/36 MP: 8/8
  2586 | D:4      | Found a broken altar of Ashenzari.
  2645 | D:4      | Noticed Edmund
  2943 | D:4      | Found a blossoming altar of Fedhas.
  2945 | D:4      | Found a shimmering blue altar of Sif Muna.
  3007 | D:4      | Killed Edmund
  3100 | D:4      | Found a staircase to the Ecumenical Temple.
  3105 | Temple   | Entered the Ecumenical Temple
  3601 | D:4      | Reached skill level 7 in Stealth
  3970 | D:4      | Got the Omnibus of Topological Calefaction
  4004 | D:5      | Entered Level 5 of the Dungeon
  4018 | D:5      | Reached XP level 8. HP: 42/42 MP: 9/9
  4083 | D:5      | You fall into a shaft and drop 1 floor!
  4097 | D:6      | Noticed a hornet
  4222 | D:6      | Found a glowing golden altar of the Shining One.
  4540 | D:5      | Found a basalt altar of Yredelemnul.
  4889 | D:6      | Reached skill level 8 in Stealth
  5771 | D:6      | Paralysed by a hornet for 3 turns
  5773 | D:6      | Mangled by a hornet

Illustrated notes

Levels and vault maps discovered:
D:1:      dpeg_arrival_water_temple_mockup, layout_loops_ring
D:2:      layout_loops_ring, uniq_terence, uniq_crazy_yiuf_cottage
D:3:      layout_basic, nemelex_spade_bored_becter, gammafunk_ghost_smash
D:4:      layout_loops_ring, marbit_many_paths, nicolae_overflow_hidden_temple,
          temple_doors_ab, st_stairs_11, uniq_edmund
D:5:      layout_cave_pools, yredelemnul_forgotten_temple_becter,
          minmay_misc_feat_chi, nicolae_underground_beach
D:6:      layout_basic, mainiacjoe_overflow_tiny_flanked
Temple:   dpeg_chambers_temple

Skill      XL: |  1  2  3  4  5  6  7  8 |
---------------+-------------------------+-----
Stealth        | 2 3 4 5 6 7 8 |  8.6
Dodging        | 3 4 5 6 7 |  7.6
Fighting       | 2 3 4 |  4.7
Ranged Weapons | 5 6 |  6.9

Action                   |  1- 3 |  4- 6 |  7- 9 || total
-------------------------+-------+-------+-------++-------
 Fire: Shortbow          |    80 |   111 |   257 ||   448
  Use: Scroll            |       |     7 |     7 ||    14
Armor: Robe              |       |     1 |     7 ||     8
Dodge: Dodged            |     9 |    20 |    66 ||    95

Table legend: (Time is in decaauts)
 A = Elapsed time spent in this place.
 B = Non-inter-level travel time spent in this place.
 C = Inter-level travel time spent in this place.
 D = Time resting spent in this place.
 E = Time spent auto-exploring this place.
 F = Levels seen in this place.
 G = Mean time per level.
                   A        B        C        D        E       F      G
               +--------+--------+--------+--------+--------+-----+--------+
         Total |   3987 |   3963 |     24 |    162 |   2328 |   7 |  569.6 |
       Dungeon |   3739 |   3715 |     24 |    162 |   2207 |   6 |  623.2 |
        Temple |    248 |    248 |      0 |      0 |    121 |   1 |  248.0 |
               +--------+--------+--------+--------+--------+-----+--------+

Top non-repeatable levels by time:
     D:6: 789 daAuts
     D:4: 758 daAuts
     D:2: 638 daAuts
     D:3: 597 daAuts
     D:5: 481 daAuts
     D:1: 473 daAuts
  Temple: 248 daAuts
